 Dungeon Crawl Stone Soup version 0.30-b1-2-g02819fbbbe (webtiles) character file.

Game seed: 17770718992607061447

148 snakesoul the Ruffian (level 5, -1/40 HPs)
             Began as a Draconian Transmuter on June 11, 2023.
             Succumbed to an adder's poison
             ... on level 3 of the Dungeon.
             The game lasted 00:02:50 (1517 turns).

snakesoul the Ruffian (Draconian Transmuter)        Turns: 1517, Time: 00:02:51

Health: -1/40      AC:  5    Str: 13    XL:     5   Next: 8%
Magic:  9/9        EV: 12    Int: 15    God:
Gold:   125        SH:  0    Dex: 11    Spells: 4/10 levels left

rFire   . .          .
                       - Unarmed
rCold   . . .        (no shield)
rNeg    . . .        (body armour unavailable)
rPois   .            (helmet restricted)
rElec   .            (no cloak)
rCorr   .            (no gloves)
SInv    .            (no boots)
Will    .....        (no amulet)
Stlth   +            (no ring)
HPRegen 0.26/turn    (no ring)
MPRegen 0.11/turn

%: no passive effects
@: lethally poisoned (-1 -> -9)
A: AC +5, unfitting armour, cold-blooded
a: no special abilities


You were on level 3 of the Dungeon.
You visited 1 branch of the dungeon, and saw 3 of its levels.

You collected 125 gold pieces.

Inventory:

Missiles
 e - a throwing net
Scrolls
 b - a scroll of identify {unknown}
 c - 2 scrolls of teleportation {unknown}
 f - a scroll of torment {unknown}
 g - a scroll of noise {unknown}
 i - a scroll of amnesia {unknown}
 j - a scroll of fear {unknown}
Potions
 a - a potion of lignification
 d - 3 potions of curing {unknown}
 h - 2 potions of might {unknown}
 k - a potion of mutation {unknown}
 l - a potion of resistance {unknown}


   Skills:
 - Level 1.1 Fighting
 - Level 1.7 Dodging
 + Level 4.1 Unarmed Combat
 + Level 3.2 Spellcasting
 + Level 3.4 Transmutations
 + Level 0.1 Poison Magic


You had 4 spell levels left.
You knew the following spells:

 Your Spells              Type           Power      Damage    Failure   Level
a - Beastly Appendage     Tmut           24%        N/A       4%          1
b - Wereblood             Tmut           12%        N/A       8%          2
c - Spider Form           Tmut/Pois      7%         N/A       28%         3

Your spell library contained the following spells:

 Spells                   Type           Power      Damage    Failure   Level
 Frozen Ramparts          Ice            4%         1d1       52%         3
 Ozocubu's Armour         Ice            2%         N/A       52%         3
 Ice Form                 Ice/Tmut       7%         N/A       67%         4
 Summon Ice Beast         Ice/Summ       2%         N/A       89%         4
 Metabolic Englaciation   Hex/Ice        1%         N/A       99%         5
 Simulacrum               Ice/Necr       1%         N/A       100%        6


Dungeon Overview and Level Annotations

Branches:
Dungeon (3/15)

Altars:
Gozag

Shops:
D:3 *


Innate Abilities, Weirdness & Mutations

Your plain brown scales are hard. (AC +5)
You cannot fit into any form of body armour.
You are cold-blooded and may be slowed by cold attacks.


Message History

The frilled lizard bites you. The adder bites you but does no damage.
The frilled lizard misses you. The adder misses you. The adder bites you.
The frilled lizard closely misses you. The adder misses you.
The frilled lizard closely misses you. The adder bites you but does no damage.
The frilled lizard closely misses you. The adder bites you.
The adder bites you but does no damage. The frilled lizard misses you.
The adder bites you but does no damage. The frilled lizard closely misses you.
The adder misses you. The frilled lizard closely misses you.
The adder bites you. The frilled lizard closely misses you.
The adder bites you.
You are poisoned.
The adder poisons you!
You feel sick. The adder bites you.
You are more poisoned.
The adder poisons you! The frilled lizard misses you. The adder misses you.
You feel sick. The frilled lizard bites you. The adder misses you.
You feel sick. The frilled lizard barely misses you. The adder bites you.
* * * LOW HITPOINT WARNING * * *
You feel sick. The adder bites you.
* * * LOW HITPOINT WARNING * * *
The frilled lizard closely misses you. The adder barely misses you.
You feel sick. The frilled lizard closely misses you. The adder bites you.
* * * LOW HITPOINT WARNING * * *
You feel sick.
The frilled lizard bites you but does no damage.
The adder bites you.
* * * LOW HITPOINT WARNING * * *
You feel sick. The adder bites you but does no damage.
The frilled lizard closely misses you.
You feel sick.
You are no longer poisoned.
The adder bites you.
* * * LOW HITPOINT WARNING * * *
You are lethally poisoned!
The adder poisons you! The frilled lizard misses you. The adder bites you.
* * * LOW HITPOINT WARNING * * *
You are more poisoned.
The adder poisons you!
You die...

#........≈≈≈≈≈≈≈##.#########
#.....≈≈≈≈.....≈#....†......
#.....≈....⌠.⌠.≈...#########
........_...∩..≈...#
......≈....⌠.⌠.≈...#
...[..≈≈≈≈.....≈..##
.≈≈≈≈≈≈≈..########
#.................
######.@########## #.lS#
#.#.# #.#.. ..#.< .. ....
... .... ... ...##


You could see an adder and a frilled lizard.

Vanquished Creatures
  Pargi (D:3)
  2 adders
  A worm (D:2)
  A dart slug (D:2)
  3 ball pythons (D:1)
  An endoplasm (D:2)
  3 giant cockroaches (D:1)
  2 goblins
  4 hobgoblins (D:1)
  A quokka (D:1)
  5 bats
  3 frilled lizards
  A kobold (D:2)
  5 rats
33 creatures vanquished.

Notes
Turn   | Place    | Note
-------+----------+-------------------------------------------
     0 | D:1      | snakesoul the Draconian Transmuter began the quest for the
                  | Orb.
     0 | D:1      | Reached XP level 1. HP: 16/16 MP: 3/3
   171 | D:1      | Reached XP level 2. HP: 22/23 MP: 3/5
   586 | D:2      | Reached XP level 3. HP: 14/28 MP: 6/6
   943 | D:2      | Learned a level 2 spell: Wereblood
  1289 | D:3      | Noticed Pargi
  1303 | D:3      | Killed Pargi
  1304 | D:3      | Reached skill level 4 in Unarmed Combat
  1304 | D:3      | Reached XP level 4. HP: 16/35 MP: 4/8
  1304 | D:3      | Reached XP level 5. HP: 18/40 MP: 4/9
  1304 | D:3      | Found an opulent altar of Gozag.
  1322 | D:3      | Learned a level 3 spell: Spider Form
  1427 | D:3      | Found Gozag's Platinum Reserve.
  1516 | D:3      | HP: 2/40 [adder (1)]
  1517 | D:3      | Succumbed to an adder's poison

Illustrated notes

Levels and vault maps discovered:
D:1:      dpeg_arrival_simpleton_b, layout_rooms, minmay_tetromino_i2
D:2:      layout_rooms, corexii_leaking_fountain, nrook_campfire,
          grunt_ministairs_12
D:3:      layout_basic, nicolae_gozag_zags_fifth_avenue, led_sif_book,
          nicolae_ru_great_annihilating_truth, lemuel_doored_altar, uniq_pargi,
          uniq_ijyb, uniq_sigmund

Skill      XL: |  1  2  3 |
---------------+----------+-----
Unarmed Combat | 4 |  4.1
Spellcasting   | 3 |  3.2
Transmutations | 3 |  3.4
Fighting       | |  1.1
Dodging        | |  1.7
Poison Magic   | |  0.1

Action                     |  1- 3 |  4- 6 || total
---------------------------+-------+-------++-------
  Melee: Unarmed           |    98 |     7 ||   105
         Kick              |    12 |       ||    12
         Tailslap          |    11 |     1 ||    12
         Headbutt          |     8 |       ||     8
         Punch             |     2 |       ||     2
   Cast: Beastly Appendage |    20 |       ||    20
         Wereblood         |     2 |     1 ||     3
 Armour: Skin              |    35 |    34 ||    69
  Dodge: Dodged            |    74 |    64 ||   138
